[Event "Lichtenrader Herbst 2019"]
[Site "Berlin"]
[Date "2019.10.14"]
[Round "3.8"]
[White "Katzir, Moshe"]
[Black "Rosmait, Emily"]
[Result "1-0"]
[ECO "C26"]
[WhiteElo "2125"]
[BlackElo "1908"]
[Annotator "NA"]
[PlyCount "77"]
[EventDate "2019.10.12"]
[EventType "swiss"]
[EventCountry "GER"]
[SourceTitle "playchess.com"]
[Source "ChessBase"]
[SourceQuality "1"]
[TimeControl "40/5400+30:1800+30"]

1. e4 e5 2. Nc3 Nf6 3. g3 Bc5 4. Bg2 O-O 5. Nge2 c6 6. O-O d6 7. h3 Bb6 8. d4 Qe7 9. Re1 Re8 10. Kh2 Nbd7 11. f4 exf4 12. Nxf4 Nf8 13. a4 a5 14. Be3 Bc7 15. Qf3 Bd7 16. Rad1 h6 17. Bc1 N8h7 18. e5 dxe5 19. dxe5 Ng5 20. Qf1 Nfh7 21. Nd3 Rad8 22. Be3 Ne6 23. Ne4 Bc8 24. Qf2 Nhg5 25. Rf1 Nxe4 26. Bxe4 Ng5 27. Bxg5 hxg5 28. Rde1 Qd7 29. e6 fxe6 30. Qf3 g6 31. Bxg6 Re7 32. Qh5 e5 33. Rf5 e4 34. Ref1 Rg7 35. Rf8+ Rxf8 36. Rxf8+ Kxf8 37. Qh8+ Ke7 38. Qxg7+ Ke6 39. Nc5+ 1-0

[Event "Lichtenrader Herbst 2019"]
[Site "Berlin"]
[Date "2019.10.15"]
[Round "4.1"]
[White "Holinka, Henning"]
[Black "Starostits, Ilmars"]
[Result "0-1"]
[ECO "B33"]
[WhiteElo "2101"]
[BlackElo "2479"]
[Annotator "ChessBase"]
[PlyCount "162"]
[EventDate "2019.10.12"]
[EventType "swiss"]
[EventCountry "GER"]
[SourceTitle "playchess.com"]
[Source "ChessBase"]
[SourceQuality "1"]
[TimeControl "40/5400+30:1800+30"]

1. e4 c5 2. Nf3 Nc6 3. d4 cxd4 4. Nxd4 Qb6 5. Nb3 Nf6 6. Nc3 e6 7. Qe2 Bb4 8. Bd2 O-O 9. a3 Be7 10. O-O-O d5 11. Be3 Qc7 12. exd5 Nxd5 13. Nxd5 exd5 14. Rxd5 Be6 15. Rd1 Rac8 16. Kb1 Bf6 17. g4 Ne5 18. h3 Bc4 19. Qd2 Nf3 20. Qa5 b6 21. Qf5 Be6 22. Qe4 Bxb3 23. Bd3 Rfe8 24. Qxh7+ Kf8 25. g5 Bxb2 26. cxb3 Qc3 27. Bf5 g6 28. Qh6+ Kg8 29. Bxg6 fxg6 30. Qxg6+ Qg7 31. Qxg7+ Bxg7 32. Rd3 Ne5 33. Rdd1 Rc3 34. Ka2 Rec8 35. Bd4 Rc2+ 36. Kb1 Nf3 37. Bxg7 Nd2+ 38. Rxd2 Rxd2 39. Ba1 Rxf2 40. h4 Rg2 41. Bf6 Re8 42. h5 Re3 43. Rd1 Rxb3+ 44. Kc1 Rf3 45. a4 Kf7 46. Rd7+ Ke6 47. Rd1 Kf5 48. Rh1 Rff2 49. h6 Rh2 50. Rg1 Kg6 51. a5 b5 52. Kb1 a6 53. Rd1 Rh3 54. Bd8 Rg2 55. Rd6+ Kf5 56. Rd5+ Ke6 57. Rd1 Rhh2 58. Bf6 Kf5 59. Rf1+ Kg6 60. Be5 Rh3 61. Bf6 Rgh2 62. Rd1 Rb3+ 63. Kc1 Rf3 64. Bd8 Rc3+ 65. Kb1 Rc6 66. Bf6 Re6 67. Bd8 Ree2 68. Bf6 Rd2 69. Rxd2 Rxd2 70. Ka1 b4 71. Kb1 Rd5 72. Kb2 Rxa5 73. Kb3 Rb5 74. Be7 Rb7 75. Bf6 a5 76. Ka4 Ra7 77. Bd4 Rd7 78. Bf6 Rd5 79. Kb3 Rd3+ 80. Kc2 Rf3 81. Kb2 Rxf6 0-1

[Event "Lichtenrader Herbst 2019"]
[Site "Berlin"]
[Date "2019.10.15"]
[Round "4.2"]
[White "Shishkin, Vadim"]
[Black "Katzir, Moshe"]
[Result "1-0"]
[ECO "A84"]
[WhiteElo "2428"]
[BlackElo "2125"]
[Annotator "NA"]
[PlyCount "63"]
[EventDate "2019.10.12"]
[EventType "swiss"]
[EventCountry "GER"]
[SourceTitle "playchess.com"]
[Source "ChessBase"]
[SourceQuality "1"]
[TimeControl "40/5400+30:1800+30"]

1. d4 d5 2. c4 e6 3. Nf3 c6 4. Nbd2 f5 5. e3 Nf6 6. b3 Bd6 7. Bb2 O-O 8. Bd3 b6 9. h3 Ne4 10. g4 Qf6 11. Qe2 Bb4 12. O-O-O Qe7 13. Nb1 Nd7 14. gxf5 exf5 15. Rhg1 a5 16. Rg2 Kh8 17. Rdg1 Rg8 18. Ne5 Nxe5 19. dxe5 Be6 20. a3 Bc5 21. f3 b5 22. cxd5 cxd5 23. fxe4 Rac8 24. exf5 Bxe3+ 25. Kd1 Qc5 26. Qg4 Bxg1 27. Rxg1 Bf7 28. Re1 Qf2 29. Nd2 d4 30. e6 Be8 31. Re2 h5 32. Qg5 1-0

[Event "Lichtenrader Herbst 2019"]
[Site "Berlin"]
[Date "2019.10.15"]
[Round "4.3"]
[White "Tschernatsch, Johannes"]
[Black "Jacobi, Robin"]
[Result "1-0"]
[ECO "B83"]
[WhiteElo "2132"]
[BlackElo "2267"]
[Annotator "NA"]
[PlyCount "199"]
[EventDate "2019.10.12"]
[EventType "swiss"]
[EventCountry "GER"]
[SourceTitle "playchess.com"]
[Source "ChessBase"]
[SourceQuality "1"]
[TimeControl "40/5400+30:1800+30"]

1. e4 c5 2. Nf3 d6 3. d4 cxd4 4. Nxd4 Nf6 5. Nc3 e6 6. Be2 Nc6 7. O-O Be7 8. Be3 O-O 9. f4 e5 10. fxe5 dxe5 11. Nxc6 bxc6 12. Qe1 Kh8 13. Rd1 Qa5 14. Kh1 Be6 15. Bg5 Ng8 16. Qh4 Bxg5 17. Qxg5 f6 18. Qe3 Rfd8 19. b3 c5 20. Na4 c4 21. Qc5 Qxc5 22. Nxc5 Bf7 23. b4 c3 24. a4 Rd4 25. Rxd4 exd4 26. b5 Rc8 27. Nb7 Bg6 28. Rd1 Rc7 29. Nd6 Rd7 30. Rxd4 Bxe4 31. Bc4 Bg6 32. Nf7+ Rxf7 33. Bxf7 Bxf7 34. a5 Be8 35. b6 axb6 36. axb6 Bc6 37. Rc4 Ne7 38. Rxc3 Kg8 39. Ra3 Nd5 40. Rb3 Bb7 41. c4 Ne7 42. Rd3 Bc6 43. Rd6 Kf7 44. Kg1 Ke8 45. Kf2 Bb7 46. c5 Nc6 47. g3 Ke7 48. Ke3 Nb8 49. Kd4 Nc6+ 50. Kc4 Nb8 51. Kb5 Ba6+ 52. Ka5 Bb7 53. Rd2 Nc6+ 54. Kb5 Nb8 55. Ra2 Nc6 56. Ra4 Kd7 57. Rg4 g5 58. Ra4 Ke6 59. Ra1 Nd4+ 60. Kc4 Nc6 61. Re1+ Kd7 62. Rd1+ Ke7 63. Kb5 Nb8 64. Rd2 Ba6+ 65. Ka5 Bb7 66. Kb4 Nc6+ 67. Kc3 Ke6 68. Rd6+ Ke7 69. h4 h6 70. hxg5 hxg5 71. Rd1 Ne5 72. Kb4 Nc6+ 73. Kb5 Nb8 74. Rd2 Bc6+ 75. Ka5 g4 76. Rb2 Kd7 77. Rh2 Be4 78. Rh8 Nc6+ 79. Ka6 Nb4+ 80. Kb5 Nc6 81. Rh6 Bd3+ 82. Ka4 Bc2+ 83. Ka3 Kc8 84. Rxf6 Be4 85. Rf7 Kb8 86. Rg7 Bf3 87. Kb3 Be2 88. Kc3 Bf3 89. Kd3 Ne5+ 90. Ke3 Kc8 91. Kf4 Nd3+ 92. Kf5 Kb8 93. Rc7 Nb4 94. Ke6 Na6 95. Kd7 Bb7 96. c6 Nc5+ 97. Kd6 Ne4+ 98. Kd5 Bxc6+ 99. Kxc6 Nc3 100. Rg7 1-0

[Event "Lichtenrader Herbst 2019"]
[Site "Berlin"]
[Date "2019.10.15"]
[Round "4.4"]
[White "Noetzel, Felix"]
[Black "Wierzbicki, Jirawat"]
[Result "1-0"]
[ECO "A29"]
[WhiteElo "2233"]
[BlackElo "2114"]
[Annotator "NA"]
[PlyCount "131"]
[EventDate "2019.10.12"]
[EventType "swiss"]
[EventCountry "GER"]
[SourceTitle "playchess.com"]
[Source "ChessBase"]
[SourceQuality "1"]
[TimeControl "40/5400+30:1800+30"]

1. c4 e5 2. Nc3 Nf6 3. g3 d5 4. cxd5 Nxd5 5. Bg2 Nb6 6. Nf3 Nc6 7. O-O Be7 8. a3 O-O 9. b4 Be6 10. Rb1 f6 11. b5 Nd4 12. e3 Nf5 13. d4 exd4 14. Nxd4 Nxd4 15. exd4 Rb8 16. Re1 Bf7 17. a4 Re8 18. Bf4 Nc4 19. Qd3 Bd6 20. Rxe8+ Qxe8 21. Nd5 Bxf4 22. gxf4 Nb6 23. Nxb6 cxb6 24. d5 Qd7 25. d6 Rd8 26. Rd1 Qg4 27. Qd4 h6 28. Kh1 Rd7 29. Rd3 Qe2 30. Re3 Qc2 31. Bxb7 Qc5 32. Rd3 Qxd4 33. Rxd4 Bb3 34. f5 Kf7 35. Bc6 Rd8 36. Kg2 g6 37. fxg6+ Kxg6 38. Kg3 Kf5 39. d7 Be6 40. Kf3 Ke5 41. Ke3 f5 42. f4+ Kf6 43. Kf3 Ke7 44. Kg3 Rg8+ 45. Kh4 Rg4+ 46. Kh3 Rg8 47. Rd3 Rf8 48. Re3 Kf6 49. Kg3 Rg8+ 50. Kh4 Rd8 51. Rg3 Bc4 52. Re3 Be6 53. Re5 Rf8 54. Kg3 Rg8+ 55. Kf2 Rd8 56. Ke3 Bxd7 57. Rd5 Re8+ 58. Kd3 Be6 59. Rd6 Re7 60. Bd5 h5 61. Kd4 Re8 62. Bxe6 Rxe6 63. Kd5 Rxd6+ 64. Kxd6 Kf7 65. Ke5 Kg6 66. h4 1-0

[Event "Lichtenrader Herbst 2019"]
[Site "Berlin"]
[Date "2019.10.15"]
[Round "4.5"]
[White "Pixa, Richard"]
[Black "Polatel, Ali"]
[Result "1/2-1/2"]
[ECO "D14"]
[WhiteElo "2075"]
[BlackElo "2235"]
[Annotator "NA"]
[PlyCount "48"]
[EventDate "2019.10.12"]
[EventType "swiss"]
[EventCountry "GER"]
[SourceTitle "playchess.com"]
[Source "ChessBase"]
[SourceQuality "1"]
[TimeControl "40/5400+30:1800+30"]

1. d4 d5 2. c4 c6 3. cxd5 cxd5 4. Nc3 Nf6 5. Nf3 Nc6 6. Bf4 Bf5 7. e3 e6 8. Qb3 Qb6 9. Qxb6 axb6 10. Bb5 Nd7 11. O-O Be7 12. Ne5 Ndxe5 13. Bxe5 f6 14. Bc7 Bd8 15. Bxd8 Kxd8 16. Rac1 Na7 17. Be2 Nc8 18. a3 Nd6 19. Nb5 Nxb5 20. Bxb5 Rc8 21. Rxc8+ Kxc8 22. Rc1+ Kd8 23. Kf1 Rf8 24. Ke2 Bg4+ 1/2-1/2

[Event "Lichtenrader Herbst 2019"]
[Site "Berlin"]
[Date "2019.10.15"]
[Round "4.6"]
[White "Kovalev, Andrei"]
[Black "Federau, Juergen"]
[Result "1/2-1/2"]
[ECO "B72"]
[WhiteElo "2511"]
[BlackElo "2124"]
[Annotator "RC"]
[PlyCount "71"]
[EventDate "2019.10.12"]
[EventType "swiss"]
[EventCountry "GER"]
[SourceTitle "playchess.com"]
[Source "ChessBase"]
[SourceQuality "1"]
[TimeControl "40/5400+30:1800+30"]

1. e4 c5 2. Nc3 Nc6 3. Nf3 g6 4. d4 cxd4 5. Nxd4 Bg7 6. Be3 d6 7. Bc4 Nf6 8. h3 O-O 9. Bb3 Bd7 10. O-O a6 11. Re1 b5 12. Nxc6 Bxc6 13. Bg5 Re8 14. Qd2 a5 15. a3 Rc8 16. Qe3 Qc7 17. Qf4 Qb7 18. a4 bxa4 19. Bxf6 Bxf6 20. Nxa4 Rf8 21. Nc3 Bxc3 22. bxc3 a4 23. Bxa4 Bxa4 24. Rxa4 Rxc3 25. e5 dxe5 26. Qxe5 Rxc2 27. Qxe7 Qxe7 28. Rxe7 h5 29. g4 hxg4 30. hxg4 Rc5 31. Kg2 Kg7 32. Kg3 Rb5 33. Raa7 Rbb8 34. g5 Rbe8 35. Reb7 Rb8 36. Re7 1/2-1/2

[Event "Lichtenrader Herbst 2019"]
[Site "Berlin"]
[Date "2019.10.15"]
[Round "4.8"]
[White "Budt, Matthias"]
[Black "Daverkausen, Bernd"]
[Result "1/2-1/2"]
[ECO "E63"]
[WhiteElo "2188"]
[BlackElo "2122"]
[Annotator "NA"]
[PlyCount "40"]
[EventDate "2019.10.12"]
[EventType "swiss"]
[EventCountry "GER"]
[SourceTitle "playchess.com"]
[Source "ChessBase"]
[SourceQuality "1"]
[TimeControl "40/5400+30:1800+30"]

1. d4 Nf6 2. Nf3 g6 3. c4 Bg7 4. g3 O-O 5. Bg2 d6 6. O-O Nc6 7. Nc3 a6 8. b3 Rb8 9. Nd5 e6 10. Nxf6+ Qxf6 11. Bg5 Qf5 12. Qd2 Qa5 13. Qxa5 Nxa5 14. Rac1 Nc6 15. Rfd1 h6 16. Be3 Ne7 17. Bd2 b6 18. c5 Bb7 19. Ne1 Bxg2 20. Kxg2 Rfd8 1/2-1/2

[Event "Lichtenrader Herbst 2019"]
[Site "Berlin"]
[Date "2019.10.16"]
[Round "5.1"]
[White "Starostits, Ilmars"]
[Black "Noetzel, Felix"]
[Result "1-0"]
[ECO "D30"]
[WhiteElo "2479"]
[BlackElo "2233"]
[Annotator "ChessBase"]
[PlyCount "69"]
[EventDate "2019.10.12"]
[EventType "swiss"]
[EventCountry "GER"]
[SourceTitle "playchess.com"]
[Source "ChessBase"]
[SourceQuality "1"]
[TimeControl "40/5400+30:1800+30"]

1. Nf3 d5 2. d4 Nf6 3. e3 e6 4. Bd3 Bd6 5. O-O O-O 6. b3 Nbd7 7. Bb2 Ne4 8. c4 c6 9. Qc2 f5 10. Ne5 Qg5 11. Nd2 Rf6 12. f4 Qh5 13. Nxe4 fxe4 14. Be2 Qe8 15. a4 Qe7 16. c5 Bxe5 17. dxe5 Rf7 18. Bd4 a5 19. Rac1 Nb8 20. g4 Bd7 21. Qd2 Rf8 22. Kh1 Be8 23. f5 Nd7 24. Rg1 Qg5 25. Rcf1 Bf7 26. Qe1 b6 27. f6 bxc5 28. h4 Qg6 29. g5 h5 30. fxg7 Qxg7 31. g6 Be8 32. Rf7 Qh6 33. Rh7 Qxh7 34. gxh7+ Kxh7 35. Qg3 1-0

[Event "Lichtenrader Herbst 2019"]
[Site "Berlin"]
[Date "2019.10.16"]
[Round "5.4"]
[White "Roehr, Tobias"]
[Black "Pixa, Richard"]
[Result "1-0"]
[ECO "D31"]
[WhiteElo "2123"]
[BlackElo "2075"]
[Annotator "NA"]
[PlyCount "33"]
[EventDate "2019.10.12"]
[EventType "swiss"]
[EventCountry "GER"]
[SourceTitle "playchess.com"]
[Source "ChessBase"]
[SourceQuality "1"]
[TimeControl "40/5400+30:1800+30"]

1. d4 d5 2. c4 e6 3. Nc3 c6 4. e4 dxe4 5. Nxe4 Bb4+ 6. Bd2 Qxd4 7. Bxb4 Qxe4+ 8. Be2 Na6 9. Bd6 Ne7 10. Nf3 $16 f6 11. O-O Qf5 12. Re1 Kf7 13. Nd4 Qa5 14. Bh5+ Ng6 15. c5 Re8 16. f4 Qd8 17. f5 1-0

[Event "Lichtenrader Herbst 2019"]
[Site "Berlin"]
[Date "2019.10.17"]
[Round "6.1"]
[White "Shishkin, Vadim"]
[Black "Starostits, Ilmars"]
[Result "1/2-1/2"]
[ECO "D15"]
[WhiteElo "2428"]
[BlackElo "2479"]
[Annotator "ChessBase"]
[PlyCount "30"]
[EventDate "2019.10.12"]
[EventType "swiss"]
[EventCountry "GER"]
[SourceTitle "playchess.com"]
[Source "ChessBase"]
[SourceQuality "1"]
[TimeControl "40/5400+30:1800+30"]

1. d4 d5 2. c4 c6 3. Nf3 Nf6 4. Nc3 a6 5. e3 Bg4 6. h3 Bxf3 7. Qxf3 e6 8. Bd2 Be7 9. Qd1 Nbd7 10. Be2 O-O 11. O-O b5 12. cxd5 cxd5 13. a4 b4 14. Na2 a5 15. Nc1 Nb6 1/2-1/2

[Event "Lichtenrader Herbst 2019"]
[Site "Berlin"]
[Date "2019.10.17"]
[Round "6.2"]
[White "Nohr, Jonas"]
[Black "Roehr, Tobias"]
[Result "1/2-1/2"]
[ECO "D02"]
[WhiteElo "2124"]
[BlackElo "2123"]
[Annotator "NA"]
[PlyCount "71"]
[EventDate "2019.10.12"]
[EventType "swiss"]
[EventCountry "GER"]
[SourceTitle "playchess.com"]
[Source "ChessBase"]
[SourceQuality "1"]
[TimeControl "40/5400+30:1800+30"]

1. d4 Nf6 2. Bf4 e6 3. e3 d5 4. c3 Bd6 5. Bg3 O-O 6. Nd2 c5 7. Bd3 Nc6 8. Ngf3 Ne7 9. Qe2 Re8 10. Ne5 Nf5 11. f4 Be7 12. Bf2 Nd6 13. dxc5 Nde4 14. Nxe4 Nxe4 15. c6 f6 16. cxb7 Bxb7 17. Nf3 Qb6 18. O-O Bc5 19. Rfe1 a5 20. Rab1 Rad8 21. Nd2 Qd6 22. Bb5 Bc6 23. Bxc6 Qxc6 24. Nxe4 dxe4 25. Rbd1 Qb6 26. h3 Rd3 27. Rxd3 exd3 28. Qxd3 Qxb2 29. Qd7 Kf8 30. Qd3 Qxa2 31. Qxh7 Qc4 32. Rd1 a4 33. h4 Qxc3 34. Rd7 Be7 35. Qh8+ Kf7 36. Qh5+ 1/2-1/2

[Event "Lichtenrader Herbst 2019"]
[Site "Berlin"]
[Date "2019.10.17"]
[Round "6.3"]
[White "Kovalev, Andrei"]
[Black "Wierzbicki, Jirawat"]
[Result "1-0"]
[ECO "C96"]
[WhiteElo "2511"]
[BlackElo "2114"]
[Annotator "ChessBase"]
[PlyCount "65"]
[EventDate "2019.10.12"]
[EventType "swiss"]
[EventCountry "GER"]
[SourceTitle "playchess.com"]
[Source "ChessBase"]
[SourceQuality "1"]
[TimeControl "40/5400+30:1800+30"]

1. e4 e5 2. Nf3 Nc6 3. Bb5 a6 4. Ba4 Nf6 5. O-O Be7 6. Re1 b5 7. Bb3 d6 8. c3 O-O 9. h3 Na5 10. Bc2 c5 11. d4 Nd7 12. d5 Nb6 13. Nbd2 f5 14. exf5 Bxf5 15. Bxf5 Rxf5 16. Ne4 Qd7 17. b3 Qb7 18. c4 Qd7 19. Bd2 Nb7 20. Qe2 Rff8 21. Nfg5 Bxg5 22. Nxg5 h6 23. Ne6 Rf6 24. a4 b4 25. a5 Nc8 26. f4 exf4 27. Nxf4 Rf8 28. Ne6 Re8 29. Qg4 Kh8 30. Ng5 Nb6 31. Ne6 Nc8 32. Qg6 Na7 33. Rf1 1-0

[Event "Lichtenrader Herbst 2019"]
[Site "Berlin"]
[Date "2019.10.17"]
[Round "6.5"]
[White "Postler, Reinhard"]
[Black "Daverkausen, Bernd"]
[Result "1/2-1/2"]
[ECO "B32"]
[WhiteElo "2240"]
[BlackElo "2122"]
[Annotator "NA"]
[PlyCount "57"]
[EventDate "2019.10.12"]
[EventType "swiss"]
[EventCountry "GER"]
[SourceTitle "playchess.com"]
[Source "ChessBase"]
[SourceQuality "1"]
[TimeControl "40/5400+30:1800+30"]

1. e4 c5 2. Nf3 Nc6 3. d4 cxd4 4. Nxd4 e5 5. Nb5 d6 6. c4 Be7 7. N1c3 a6 8. Na3 f5 9. exf5 Bxf5 10. Bd3 Be6 11. Nc2 Nf6 12. Ne3 O-O 13. O-O Qd7 14. Ned5 Rae8 15. Be3 Bd8 16. f3 Nd4 17. Qd2 Qf7 18. Be4 Nf5 19. Bf2 Kh8 20. b3 Nxe4 21. Nxe4 Bxd5 22. cxd5 Qd7 23. a4 Be7 24. Rac1 Rc8 25. Qb4 Kg8 26. Qb6 Bd8 27. Qb4 Be7 28. Qb6 Bd8 29. Qb4 1/2-1/2

[Event "Lichtenrader Herbst 2019"]
[Site "Berlin"]
[Date "2019.10.17"]
[Round "6.6"]
[White "Matthes, Aaron"]
[Black "Katzir, Moshe"]
[Result "1-0"]
[ECO "D31"]
[WhiteElo "1995"]
[BlackElo "2125"]
[Annotator "NA"]
[PlyCount "66"]
[EventDate "2019.10.12"]
[EventType "swiss"]
[EventCountry "GER"]
[SourceTitle "playchess.com"]
[Source "ChessBase"]
[SourceQuality "1"]
[TimeControl "40/5400+30:1800+30"]

1. d4 d5 2. c4 e6 3. cxd5 exd5 4. Nc3 c6 5. Qc2 Bd6 6. Nf3 Ne7 7. e4 dxe4 8. Nxe4 Bb4+ 9. Bd2 Bxd2+ 10. Qxd2 Bf5 11. Bd3 Qd5 12. O-O O-O 13. Rfe1 Ng6 14. Qb4 b5 15. Rac1 Nf4 16. Bb1 Bg4 17. Neg5 Na6 18. Qd2 Ng6 19. Be4 Qd8 20. Rxc6 Nc7 21. Qc2 Nd5 22. h3 Bxf3 23. Nxf3 Nb4 24. Qc5 Nxc6 25. Bxc6 Rc8 26. Qxb5 Rb8 27. Qc5 Rxb2 28. Qxa7 Qf6 29. d5 Nf4 30. Qa3 Rfb8 31. Qe7 Rb1 32. Qxf6 Rxe1+ 33. Nxe1 gxf6 1-0

[Event "Lichtenrader Herbst 2019"]
[Site "Berlin"]
[Date "2019.10.17"]
[Round "6.8"]
[White "Krefenstein, Sergej"]
[Black "Fuchs, Dominik"]
[Result "1-0"]
[ECO "C54"]
[WhiteElo "2139"]
[BlackElo "1939"]
[Annotator "NA"]
[PlyCount "63"]
[EventDate "2019.10.12"]
[EventType "swiss"]
[EventCountry "GER"]
[SourceTitle "playchess.com"]
[Source "ChessBase"]
[SourceQuality "1"]
[TimeControl "40/5400+30:1800+30"]

1. e4 e5 2. Nf3 Nc6 3. Bc4 Bc5 4. c3 Nf6 5. d3 a6 6. Bb3 Ba7 7. Nbd2 O-O 8. h3 d6 9. Nf1 d5 10. Qe2 h6 11. g4 dxe4 12. dxe4 Be6 13. g5 Nh5 14. gxh6 g6 15. Bg5 Qd7 16. Rd1 Qe8 17. h4 Bxb3 18. axb3 f5 19. Ng3 fxe4 20. Qxe4 Nf6 21. Qc4+ Qf7 22. Bxf6 Qxc4 23. h7+ Kxh7 24. bxc4 Rxf6 25. Ng5+ Kg8 26. N3e4 Rff8 27. Rd7 Rae8 28. Rxc7 Re7 29. Rxe7 Nxe7 30. Ke2 Rb8 31. Rd1 Nf5 32. Rd7 1-0

[Event "Lichtenrader Herbst 2019"]
[Site "Berlin"]
[Date "2019.10.18"]
[Round "7.1"]
[White "Starostits, Ilmars"]
[Black "Kovalev, Andrei"]
[Result "1/2-1/2"]
[ECO "B22"]
[WhiteElo "2479"]
[BlackElo "2511"]
[Annotator "ChessBase"]
[PlyCount "45"]
[EventDate "2019.10.12"]
[EventType "swiss"]
[EventCountry "GER"]
[SourceTitle "playchess.com"]
[Source "ChessBase"]
[SourceQuality "1"]
[TimeControl "40/5400+30:1800+30"]

1. e4 c5 2. c3 Nf6 3. e5 Nd5 4. d4 cxd4 5. Nf3 Nc6 6. cxd4 d6 7. Bc4 Nb6 8. Bb5 dxe5 9. Nxe5 Bd7 10. Nc3 Nxe5 11. dxe5 Bxb5 12. Nxb5 Qxd1+ 13. Kxd1 Nd5 14. Bd2 a6 15. Nc3 O-O-O 16. Rc1 Kb8 17. Ke2 e6 18. Nxd5 Rxd5 19. Be3 Be7 20. Rhd1 Rxd1 21. Rxd1 Rd8 22. Rxd8+ Bxd8 23. Kd3 1/2-1/2

[Event "Lichtenrader Herbst 2019"]
[Site "Berlin"]
[Date "2019.10.18"]
[Round "7.2"]
[White "Noetzel, Felix"]
[Black "Shishkin, Vadim"]
[Result "1-0"]
[ECO "B80"]
[WhiteElo "2233"]
[BlackElo "2428"]
[Annotator "RC"]
[PlyCount "113"]
[EventDate "2019.10.12"]
[EventType "swiss"]
[EventCountry "GER"]
[SourceTitle "playchess.com"]
[Source "ChessBase"]
[SourceQuality "1"]
[TimeControl "40/5400+30:1800+30"]

1. e4 c5 2. Nf3 Nc6 3. d4 cxd4 4. Nxd4 Nf6 5. Nc3 d6 6. f3 e6 7. Be3 Be7 8. Qd2 a6 9. O-O-O O-O 10. g4 Nxd4 11. Bxd4 Nd7 12. Kb1 b5 13. h4 Bb7 14. g5 Qc7 15. h5 b4 16. Ne2 Ne5 17. Bxe5 dxe5 18. Nc1 a5 19. Bh3 Ra6 20. g6 Rd6 21. gxf7+ Rxf7 22. Qe3 Ba6 23. Bg4 h6 24. Rxd6 Qxd6 25. Qb3 Rf6 26. Qa4 Bd8 27. Nb3 Be2 28. Nxa5 Bxf3 29. Bxf3 Rxf3 30. Nb7 Qf8 31. Qa6 Bg5 32. Qxe6+ Kh8 33. Qc4 Be3 34. Rd1 Bd4 35. Na5 Qf4 36. Nb3 Re3 37. Nxd4 exd4 38. Qxb4 Rxe4 39. Qc4 Qg4 40. Rf1 Rf4 41. a4 Rxf1+ 42. Qxf1 Qxh5 43. b4 Qg4 44. Qc4 h5 45. a5 d3 46. cxd3 Qg3 47. a6 h4 48. Qd4 Qe1+ 49. Kb2 Qd2+ 50. Ka3 Qc1+ 51. Ka4 Qc6+ 52. b5 Qc2+ 53. Kb4 Qd2+ 54. Kc5 Qg5+ 55. Kb6 Qg6+ 56. Ka5 h3 57. a7 1-0

[Event "Lichtenrader Herbst 2019"]
[Site "Berlin"]
[Date "2019.10.18"]
[Round "7.3"]
[White "Krefenstein, Sergej"]
[Black "Holinka, Henning"]
[Result "1/2-1/2"]
[ECO "B06"]
[WhiteElo "2139"]
[BlackElo "2101"]
[Annotator "NA"]
[PlyCount "48"]
[EventDate "2019.10.12"]
[EventType "swiss"]
[EventCountry "GER"]
[SourceTitle "playchess.com"]
[Source "ChessBase"]
[SourceQuality "1"]
[TimeControl "40/5400+30:1800+30"]

1. e4 g6 2. d4 Bg7 3. Nc3 d6 4. f4 a6 5. Nf3 b5 6. Bd3 Nd7 7. a4 c5 8. axb5 cxd4 9. Nd5 Ngf6 10. Nxf6+ Bxf6 11. bxa6 Qb6 12. Qe2 O-O 13. b4 Qxb4+ 14. Bd2 Qb6 15. e5 dxe5 16. fxe5 Bg7 17. O-O Bxa6 18. Rxa6 Rxa6 19. Bxa6 d3+ 20. Qe3 Qxa6 21. cxd3 Rb8 22. d4 Qa2 23. Qg5 f6 24. Qg4 Nf8 1/2-1/2

[Event "Lichtenrader Herbst 2019"]
[Site "Berlin"]
[Date "2019.10.18"]
[Round "7.5"]
[White "Nohr, Jonas"]
[Black "Schnabel, Ralf"]
[Result "0-1"]
[ECO "D00"]
[WhiteElo "2124"]
[BlackElo "2235"]
[Annotator "NA"]
[PlyCount "100"]
[EventDate "2019.10.12"]
[EventType "swiss"]
[EventCountry "GER"]
[SourceTitle "playchess.com"]
[Source "ChessBase"]
[SourceQuality "1"]
[TimeControl "40/5400+30:1800+30"]

1. d4 d5 2. Bf4 c5 3. e3 Nc6 4. c3 Qb6 5. Qb3 c4 6. Qc2 Bf5 7. Qxf5 Qxb2 8. Qxd5 Qxa1 9. Qb5 O-O-O 10. Bxc4 e5 11. Bg3 Bb4 12. Bd3 Bxc3+ 13. Kd1 Bxd4 14. Nf3 Bc3 15. Ke2 Qxa2+ 16. Nbd2 Bxd2 17. Nxd2 Qd5 18. Bf5+ Kb8 19. Qb2 Nge7 20. Be4 Qxd2+ 21. Qxd2 Rxd2+ 22. Kxd2 f5 23. Bc2 b5 24. Rb1 a6 25. f3 Kb7 26. Be1 g6 27. g4 Rd8+ 28. Ke2 Kb6 29. gxf5 gxf5 30. Bh4 Rg8 31. Bg3 f4 32. Bf2 fxe3 33. Bxe3+ Nd4+ 34. Kf2 Nd5 35. Bxh7 Rh8 36. Bxd4+ exd4 37. Be4 Nc3 38. Rh1 Nxe4+ 39. fxe4 Rh3 40. Kg2 Re3 41. h4 Rxe4 42. h5 Re8 43. Kf3 b4 44. h6 d3 45. Rd1 Rh8 46. Rh1 Re8 47. Rd1 Re6 48. Rh1 d2 49. h7 Re8 50. Kf4 Rh8 0-1

[Event "Lichtenrader Herbst 2019"]
[Site "Berlin"]
[Date "2019.10.18"]
[Round "7.6"]
[White "Polatel, Ali"]
[Black "Petersen, Marcel"]
[Result "1-0"]
[ECO "B27"]
[WhiteElo "2235"]
[BlackElo "1818"]
[Annotator "NA"]
[PlyCount "81"]
[EventDate "2019.10.12"]
[EventType "swiss"]
[EventCountry "GER"]
[SourceTitle "playchess.com"]
[Source "ChessBase"]
[SourceQuality "1"]
[TimeControl "40/5400+30:1800+30"]

1. Nf3 b6 2. e4 c5 3. c3 Bb7 4. d3 g6 5. g3 Bg7 6. Bg2 d6 7. O-O e6 8. Nh4 Bf6 9. Nf3 h5 10. h4 Qc7 11. Na3 a6 12. Re1 Nd7 13. d4 O-O-O 14. Qe2 e5 15. dxe5 dxe5 16. Bg5 b5 17. b4 c4 18. Rad1 Nf8 19. Nc2 Bxg5 20. hxg5 Ne7 21. Rxd8+ Kxd8 22. a4 Nc8 23. axb5 axb5 24. Qe3 Ne6 25. Ra1 Ke7 26. Ra5 Bc6 27. Na3 Qb8 28. Bh3 Rd8 29. Bxe6 Kxe6 30. Ne1 Rd7 31. Qf3 Ra7 32. Qf6+ Kd7 33. Nf3 Qd6 34. Rxa7+ Nxa7 35. Qxf7+ Kc8 36. Qxa7 Bxe4 37. Qe3 Bc6 38. Nc2 Qd3 39. Nce1 Qd1 40. Nxe5 Bb7 41. Nxg6 1-0

[Event "Lichtenrader Herbst 2019"]
[Site "Berlin"]
[Date "2019.10.18"]
[Round "7.7"]
[White "Postler, Reinhard"]
[Black "Pixa, Richard"]
[Result "1/2-1/2"]
[ECO "C01"]
[WhiteElo "2240"]
[BlackElo "2075"]
[Annotator "NA"]
[PlyCount "47"]
[EventDate "2019.10.12"]
[EventType "swiss"]
[EventCountry "GER"]
[SourceTitle "playchess.com"]
[Source "ChessBase"]
[SourceQuality "1"]
[TimeControl "40/5400+30:1800+30"]

1. e4 e6 2. d4 d5 3. exd5 exd5 4. c4 Nf6 5. Nc3 Be7 6. Bd3 dxc4 7. Bxc4 O-O 8. Nge2 Nbd7 9. O-O Nb6 10. Bb3 Nbd5 11. Bg5 Bg4 12. Nxd5 Nxd5 13. Bxe7 Qxe7 14. Bxd5 Bxe2 15. Re1 Qd6 16. Bxf7+ Rxf7 17. Rxe2 Rd8 18. g3 c5 19. d5 Qxd5 20. Qxd5 Rxd5 21. f4 Rfd7 22. Kf2 Kf7 23. Rc1 b6 24. Rc4 1/2-1/2